 Dungeon Crawl Stone Soup version 0.21.0-3-g78d12a8 (webtiles) character file.

330131 Hisonoko the Hoplite (level 20, -14/195 HPs)
             Began as a Minotaur Berserker on Jan 7, 2018.
             Was an Elder of Trog.
             Demolished by a storm dragon (16 damage)
             ... on level 5 of the Vaults on Jan 11, 2018.
             The game lasted 04:31:17 (48795 turns).

Hisonoko the Hoplite (Minotaur Berserker)          Turns: 48795, Time: 04:31:18

Health: -14/195    AC: 35    Str: 39    XL:     20   Next: 84%
Magic:  0/28       EV: 14    Int:  9    God:    Trog [****..]
Gold:   782        SH:  0    Dex: 18    Spells: 19/19 levels left

rFire    x . .     SeeInvis .   i - +3 mace of Obsession {crush, rPois rC+ Int+2 Dex+4}
rCold    + . .     Gourm    .   N - +0 large shield
rNeg     + . .     Faith    .   u - +7 plate armour
rPois    +         Spirit   +   R - +1 hat
rElec    .         Reflect  .   x - +0 cloak of Ocaino Hoac {+Blink Str+3 Int+3 Dex+4}
rCorr    .         Harm     .   K - +2 pair of gloves "Faurueh" {+Blink rF- rN+ Str+3}
MR       +....                  U - +1 pair of boots
Stlth    ..........             l - amulet of guardian spirit
HPRegen  0.42/turn              m - ring of poison resistance
MPRegen  0.21/turn              a - ring "Loyssuz" {+Inv MP+9 Str+4 Slay+2 Stlth+}

@: confused, about to teleport, flayed, berserk cooldown, slowed, constricted,
drained, very slow
A: retaliatory headbutt, horns 2, weak 1
}: 2/15 runes: decaying, gossamer
a: Berserk, Trog's Hand, Brothers in Arms, Burn Spellbooks, Renounce Religion,
Evoke Blink, Evoke Invisibility


You were on level 5 of the Vaults.
You worshipped Trog.
Trog was greatly pleased with you.
You were not hungry.

You visited 7 branches of the dungeon, and saw 37 of its levels.
You visited 1 bazaar.
You also visited: Sewer, Ossuary and Desolation.

You collected 3540 gold pieces.
You spent 2758 gold pieces at shops.

Inventory:

Hand Weapons
 i - the +3 mace of Obsession (weapon) {crush, rPois rC+ Int+2 Dex+4}
   (Trog gifted it to you in the Desolation of Salt)

   It inflicts extra damage upon your enemies.
   It affects your intelligence (+2).
   It affects your dexterity (+4).
   It protects you from cold.
   It protects you from poison.
 G - a +5 flail of flaming
Armour
 o - a +1 pair of gloves
 u - a +7 plate armour (worn)
 x - the +0 cloak of Ocaino Hoac (worn) {+Blink Str+3 Int+3 Dex+4}
   (You bought it in a shop on level 4 of the Vaults)

   It affects your strength (+3).
   It affects your intelligence (+3).
   It affects your dexterity (+4).
   It lets you blink.
 B - +2 gold dragon scales
 K - the +2 pair of gloves "Faurueh" (worn) {+Blink rF- rN+ Str+3}
   (You acquired it on level 13 of the Dungeon)

   It affects your strength (+3).
   It makes you vulnerable to fire.
   It protects you from negative energy.
   It lets you blink.
 N - a +0 large shield (worn)
 R - a +1 hat (worn)
 U - a +1 pair of boots (worn)
Jewellery
 a - the ring "Loyssuz" (right hand) {+Inv MP+9 Str+4 Slay+2 Stlth+}
   (You bought it in a shop on level 2 of the Orcish Mines)

   [ring of magical power]

   It affects your strength (+4).
   It affects your accuracy and damage with ranged weapons and melee attacks
   (+2).
   It affects your magic capacity (+9).
   It lets you turn invisible.
   It makes you more stealthy.
 l - an amulet of guardian spirit (around neck)
 m - a ring of poison resistance (left hand)
 v - an uncursed ring of stealth
 C - the ring "Jiurhyto" {rF+ Int+2}
   (You found it on level 6 of the Lair of Beasts)

   [ring of intelligence]

   It affects your intelligence (+2).
   It protects you from fire.
 D - an uncursed ring of resist corrosion
 F - an uncursed ring of flight
 P - an uncursed ring of see invisible
 X - a +1 ring of evasion
Wands
 b - a wand of iceblast (31)
 g - a wand of clouds (5)
 w - a wand of flame (17)
 I - a wand of digging (7)
 J - a wand of paralysis (47)
 L - a wand of disintegration (35)
 V - a wand of acid (7)
Scrolls
 e - 11 scrolls of teleportation
 h - 23 scrolls of remove curse
 n - 4 scrolls of fog
 q - 4 scrolls of fear
 y - 8 scrolls of magic mapping
 Q - 13 scrolls of identify
Potions
 d - a potion of berserk rage
 f - 4 potions of ambrosia
 j - 6 potions of curing
 p - 2 potions of might
 r - 2 potions of haste
 t - 3 potions of flight
 z - 4 potions of magic
 A - 7 potions of agility
 M - 3 potions of brilliance
 O - a potion of mutation
Miscellaneous
 Y - a lamp of fire
 Z - a lightning rod (4/4)
Comestibles
 c - 7 rations


   Skills:
 + Level 20.6(19.8) Fighting
 - Level 19.8(19.0) Maces & Flails
 + Level 0.2(0.0) Throwing
 + Level 19.6(18.8) Armour
 * Level 13.0(12.4) Dodging
 + Level 22.4(21.6) Shields
 + Level 0.1(0.0) Evocations


You had 19 spell levels left.
You didn't know any spells.

Dungeon Overview and Level Annotations

Branches:
Dungeon (15/15)            Temple (1/1) D:7            Lair (6/6) D:8
  Swamp (4/4) Lair:2       Spider (4/4) Lair:4        Slime (0/5) Lair:5
    Orc (2/2) D:9             Elf (0/3) Orc:2        Vaults (5/5) D:14
  Crypt (0/3) Vaults:2     Depths (0/5) D:15

Altars:
Ashenzari
Cheibriados
Dithmenos
Elyvilon
Fedhas
Gozag
Hepliaklqana
Kikubaaqudgha
Makhleb
Nemelex Xobeh
Okawaru
Qazlal
Ru
Sif Muna
Trog
Uskayaw
Vehumet
Wu Jian
Xom
Yredelemnul
Zin
The Shining One
Jiyva

Shops:
D:13 *   D:14 (   Orc:2 :!*=   Vaults:4 [

Portals:
Trove: D:12 (give +3 storm dragon scales)

Annotations:
D:8 Blork the orc
D:14 exclusion: Roxanne, Roxanne
Lair:5 exclusion: oklob plant
Vaults:5 letownia2's ghost, veteran VSWz


Innate Abilities, Weirdness & Mutations

You reflexively headbutt those who attack you in melee.
You have a pair of horns on your head.
You are weak. (Str -2)


Message History

The sphinx hits you but does no damage. The sphinx barely misses you.
The sphinx hits you but does no damage.
The storm dragon bites you but does no damage.
The storm dragon claws you but does no damage.
The storm dragon completely misses you. The hand axe of chopping hits you.
* * * LOW HITPOINT WARNING * * *
x2 The tentacled monstrosity closely misses you.
The tentacled monstrosity tentacle-slaps you but does no damage.
The tentacled monstrosity tentacle-slaps you.
* * * LOW HITPOINT WARNING * * *
x2 The tentacled monstrosity constricts you!
The fire giant barely misses you.
The fire giant hits you with an ivory great mace {crush}!
* * * LOW HITPOINT WARNING * * *
x2 The sphinx barely misses you.
The sphinx hits you.
* * * LOW HITPOINT WARNING * * *
The sphinx hits you but does no damage.
The storm dragon bites you but does no damage.
The storm dragon closely misses you. The storm dragon tramples you!
You die...

#....# #. #....# # ##.
#....# .# ##..##....#..###
.....#....#....(
#............."
########..c.c[..###########
.....(...D(X<..............
.H.......D@Cc<ยง.........D..
........eCDHW...........X..
..........pc....c.$........
########........###########
...........#.#.#
..#..#....#.#$#.# ...
#..#....##.#.# ##
#..#....#.#.# ...#....##.##


You could see a shadow dragon, a tentacled monstrosity, a storm dragon, 2 fire
giants, a quicksilver dragon, a sphinx, 2 yaktaur captains, a flayed ghost, a
deep elf archer, an ironbrand convoker, 3 yaktaurs and a hand axe of chopping.

Vanquished Creatures
  the Lernaean hydra (Swamp:4)
  Rupert (Orc:2)
  Jorgrun (Swamp:4)
  A tentacled monstrosity (Swamp:2)
  A sphinx (Vaults:3)
  Frances (D:12)
  A thorn hunter (Swamp:4)
  Agnes (D:14)
  A shadow dragon (Vaults:4)
  A storm dragon (Vaults:4)
  13 vault wardens
  3 imperial myrmidons (Desolation)
  4 ghost moths (Spider:4)
  5 emperor scorpions
  A ghoul (Vaults:1)
  A deep elf elementalist (Vaults:4)
  5 ironheart preservers
  An iron dragon (Vaults:4)
  4 stone giants
  A war gargoyle (Vaults:3)
  3 entropy weavers
  4 very ugly things (Vaults:4)
  Nessos (D:14)
  A deep elf demonologist (Vaults:1)
  2 halazid warlocks (Desolation)
  A deep elf annihilator (Vaults:4)
  A spark wasp (shapeshifter) (Vaults:4)
  Snorg (Orc:2)
  Josephine (Spider:1)
  3 ettins (Vaults:4)
  Harold (Lair:2)
  3 ragged hierophants (Desolation)
  13 ogre magi
  Fannar (Lair:1)
  4 fire dragons
  A crystal guardian (Desolation)
  A great orb of eyes (Vaults:1)
  2 ice dragons
  6 yaktaur captains
  17 hydras
  42 vault guards
  A rakshasa (Vaults:1)
  5 servants of whispers (Desolation)
  4 peacekeepers (Desolation)
  6 centaur warriors
  35 two-headed ogres
  A merfolk avatar (Lair:6)
  3 death knights
  A vampire mage (D:15)
  12 death yaks
  2 deep elf knights
  4 unseen horrors
  A skeletal warrior (D:15)
  2 flayed ghosts
  A sea snake (Lair:6)
  A shadow wraith (Vaults:4)
  A wizard (Vaults:2)
  3 deep trolls (Vaults:3)
  A spark wasp zombie (D:15)
  An unseen horror (shapeshifter) (Vaults:2)
  2 spriggan druids
  A shambling mangrove (Swamp:3)
  17 ironbrand convokers
  2 glowing orange brains
  13 swamp dragons
  2 necromancers
  A deep elf archer (Vaults:1)
  2 phantasmal warriors (D:15)
  15 orc knights
  A wolf spider zombie (D:13)
  21 orb spiders
  5 deep elf magi
  7 cyclopes
  An orb spider (shapeshifter) (Vaults:4)
  A manticore (shapeshifter) (Vaults:4)
  20 ugly things
  38 wolf spiders
  4 manticores
  2 moths of wrath
  5 orc sorcerers
  A guardian serpent (Desolation)
  6 black mambas
  A frost giant skeleton (Vaults:4)
  14 elephants (Lair:6)
  A guardian serpent (shapeshifter) (Vaults:1)
  A spiny frog (shapeshifter) (Vaults:4)
  19 spiny frogs
  4 gargoyles
  2 yaktaur zombies
  A torpor snail (Spider:2)
  14 vault sentinels
  An efreet (D:12)
  35 yaktaurs
  A spriggan skeleton (D:15)
  A rime drake (shapeshifter) (Vaults:2)
  4 rime drakes
  9 demonic crawlers
  7 komodo dragons
  A guardian mummy (D:15)
  8 freezing wraiths
  6 polar bears
  7 trolls
  7 tyrant leeches
  A wolf spider simulacrum (D:15)
  A polar bear (shapeshifter) (Vaults:3)
  2 wind drakes (Lair:6)
  24 jumping spiders
  5 meliai
  31 saltlings
  19 hornets
  A hornet (shapeshifter) (Vaults:3)
  6 blink frogs
  12 hippogriffs
  15 slime creatures
  A hippogriff (shapeshifter) (Vaults:3)
  4 bog bodies
  A harpy skeleton (D:15)
  A spriggan zombie (D:15)
  9 dream sheep (Lair:6)
  26 tarantellas
  5 centaur simulacra (D:15)
  8 spriggans
  78 redbacks
  6 wraiths
  A vampire (D:8)
  4 shadows
  4 wyverns
  A hog (Lair:5)
  31 yaks
  A yak (shapeshifter) (Vaults:2)
  A hungry ghost (D:12)
  16 vampire mosquitoes
  4 basilisks
  16 swamp worms
  14 insubstantial wisps
  6 wargs
  A swamp worm (shapeshifter) (D:14)
  18 water moccasins
  2 acid dragons (D:15)
  13 porcupines
  A hornet zombie (D:10)
  13 swamp drakes
  A black bear (D:13)
  6 sky beasts
  31 orc warriors
  8 ice beasts
  2 phantoms
  3 boggarts (Vaults:3)
  30 ogres
  16 wolves
  17 centaurs
  An elf skeleton (Vaults:4)
  15 crocodiles
  9 big kobolds
  17 bullfrogs
  6 scorpions
  A water moccasin skeleton (D:6)
  10 killer bees
  An elf simulacrum (Vaults:2)
  12 wights
  2 electric eels
  A howler monkey (D:9)
  10 crimson imps
  5 centaur zombies
  A bullfrog zombie (D:13)
  A quasit (D:8)
  3 hounds
  4 jellies
  3 bullfrog skeletons
  16 orc priests
  4 centaur skeletons
  37 orc wizards
  6 iguanas
  7 worker ants
  12 mummies (Ossuary)
  27 adders
  10 gnolls
  A river rat (Sewer)
  5 shadow imps
  2 white imps (D:15)
  3 ufetubi (D:15)
  5 oozes
  2 adder skeletons
  2 adder zombies (D:6)
  7 worms
  2 dart slugs
  9 leopard geckos
  97 orcs
  10 bats
  5 giant cockroaches
  11 hobgoblins
  6 jackals (D:6)
  21 kobolds
  3 quokkas
  7 ball pythons
  3 frilled lizards
  2 gnoll skeletons (Ossuary)
  7 goblins
  4 goblin skeletons (Ossuary)
  A kobold skeleton (Ossuary)
  A leopard gecko skeleton (D:5)
  An orc skeleton (Ossuary)
  2 quokka zombies (D:6)
  10 rats
  11 rat skeletons (Ossuary)
  A pillar of salt (Vaults:1)
1532 creatures vanquished.

Vanquished Creatures (collateral kills)
  A lich (Vaults:5)
  Kirke (Lair:5)
  A vault warden (Vaults:3)
  Louise (Spider:2)
  A very ugly thing (Swamp:4)
  A stone giant (Vaults:3)
  An ettin (Vaults:3)
  2 servants of whispers (Desolation)
  4 hydras
  A peacekeeper (Desolation)
  4 vault guards (D:14)
  A centaur warrior (D:13)
  A two-headed ogre (D:14)
  3 orc high priests (Orc:2)
  A shock serpent (shapeshifter) (Vaults:5)
  3 swamp dragons (Swamp:4)
  3 ironbrand convokers
  4 orc knights
  2 orc sorcerers (Orc:2)
  An orb spider (Spider:2)
  A wolf spider (Spider:2)
  9 ugly things
  A guardian serpent (Desolation)
  A kobold demonologist (D:15)
  A meliai (D:14)
  A tyrant leech (Swamp:4)
  A hornet (Spider:2)
  9 saltlings (Desolation)
  A bog body (Swamp:4)
  3 redbacks (Spider:2)
  3 tarantellas (Spider:2)
  6 yaks (Lair:3)
  2 hogs (Lair:5)
  7 orc warriors
  A wolf (D:15)
  A centaur (D:13)
  A crocodile (Lair:5)
  6 orc priests
  3 orc wizards (Orc:2)
  7 orcs
102 creatures vanquished.

Vanquished Creatures (others)
  A jumping spider (Spider:1)
  An orc warrior (Vaults:3)
  A swamp drake (Swamp:4)
  A giant cockroach (D:2)
  A kobold (D:2)
  6 fungi
  4 pillars of salt (Vaults:1)
  23 plants
38 creatures vanquished.

Grand Total: 1672 creatures vanquished

Notes
Turn   | Place    | Note
-------+----------+-------------------------------------------
     0 | D:1      | Hisonoko the Minotaur Berserker began the quest for the Orb.
     0 | D:1      | Reached XP level 1. HP: 19/19 MP: 0/0
   234 | D:1      | Reached XP level 2. HP: 27/27 MP: 1/1
   683 | D:2      | Reached XP level 3. HP: 34/34 MP: 2/2
   807 | D:2      | Reached ** piety under Trog
   921 | D:2      | Reached XP level 4. HP: 37/41 MP: 3/3
   989 | D:2      | Found a stormy altar of Qazlal.
  1010 | D:2      | Found a faded altar of an unknown god.
  1428 | D:3      | Reached skill level 5 in Maces & Flails
  1462 | D:3      | Reached XP level 5. HP: 47/47 MP: 4/4
  1656 | D:3      | Reached *** piety under Trog
  2011 | D:4      | Noticed an ogre
  2022 | D:4      | Killed an ogre
  2022 | D:4      | Reached skill level 5 in Fighting
  2022 | D:4      | Reached XP level 6. HP: 53/56 MP: 2/5
  2143 | D:4      | Found a shimmering altar of Xom.
  2144 | D:4      | Found a shimmering altar of Xom.
  2915 | D:4      | Noticed an orc warrior
  2928 | D:4      | Killed an orc warrior
  2928 | D:4      | Reached XP level 7. HP: 35/61 MP: 3/6
  3323 | D:4      | Reached skill level 5 in Armour
  3433 | D:5      | Entered Level 5 of the Dungeon
  3435 | D:5      | Found a glowing drain.
  3474 | Sewer    | Entered a sewer
  4103 | Sewer    | Reached XP level 8. HP: 69/70 MP: 7/7
  4143 | Sewer    | Reached **** piety under Trog
  4739 | D:5      | Got a fabulously ornate robe
  4833 | D:5      | Noticed a two-headed ogre
  4845 | D:5      | Killed a two-headed ogre
  4845 | D:5      | Reached skill level 10 in Maces & Flails
  4845 | D:5      | Reached XP level 9. HP: 79/79 MP: 4/8
  5078 | D:5      | Found a sparkling altar of Nemelex Xobeh.
  5078 | D:5      | Found a glowing silver altar of Zin.
  5314 | D:6      | Found a sand-covered staircase.
  5321 | Ossuary  | Entered an ossuary
  5477 | Ossuary  | Reached ***** piety under Trog
  5686 | Ossuary  | Identified the +1 robe of the Locust {rC+ MP-9 Int+5 Dex+4} (You found it on level 5 of the Dungeon)
  6207 | D:7      | Found a sacrificial altar of Ru.
  6255 | D:7      | Found a staircase to the Ecumenical Temple.
  6264 | Temple   | Entered the Ecumenical Temple
  6902 | D:7      | Reached XP level 10. HP: 89/89 MP: 9/9
  7083 | D:8      | Reached skill level 10 in Armour
  7170 | D:8      | You fall through a shaft for 2 floors!
  7170 | D:10     | Entered Level 10 of the Dungeon
  7266 | D:10     | Got a faintly humming scale mail
  7307 | D:9      | Found a hide-covered altar of Uskayaw.
  7581 | D:8      | Found a glowing golden altar of the Shining One.
  7591 | D:8      | Identified the +2 scale mail of the Crypt {rN+ Regen+ Int-3 Slay+5} (You found it on level 10 of the Dungeon)
  7736 | D:8      | Found a staircase to the Lair.
  7856 | D:8      | Noticed Blork the orc
  7864 | D:8      | Found a deep blue altar of Sif Muna.
  8122 | D:8      | Received a gift from Trog
  8202 | Lair:1   | Entered Level 1 of the Lair of Beasts
  8202 | Lair:1   | Noticed an eight-headed hydra
  8237 | D:9      | Noticed a two-headed ogre
  8445 | D:9      | Found a staircase to the Orcish Mines.
  8701 | D:9      | Killed a two-headed ogre
  8701 | D:9      | Reached XP level 11. HP: 99/99 MP: 10/10
  9174 | Lair:1   | Killed an eight-headed hydra
  9250 | Lair:1   | Noticed a five-headed hydra
  9255 | Lair:1   | Reached skill level 10 in Fighting
  9266 | Lair:1   | Killed a five-headed hydra
  9678 | Lair:1   | Noticed Fannar
  9703 | Lair:1   | Killed Fannar
  9931 | Lair:1   | Reached ****** piety under Trog
 10857 | D:10     | Received a gift from Trog
 11294 | D:11     | Noticed a two-headed ogre
 11301 | D:11     | Killed a two-headed ogre
 11301 | D:11     | Reached skill level 15 in Maces & Flails
 11301 | D:11     | Reached XP level 12. HP: 110/110 MP: 11/11
 11512 | D:11     | Noticed a two-headed ogre
 11524 | D:11     | Killed a two-headed ogre
 12226 | D:11     | Noticed a two-headed ogre
 12232 | D:11     | Killed a two-headed ogre
 12437 | D:10     | Noticed a two-headed ogre
 12442 | D:10     | Killed a two-headed ogre
 12493 | Orc:1    | Entered Level 1 of the Orcish Mines
 12521 | Orc:1    | Received a gift from Trog
 12740 | Orc:2    | Entered Level 2 of the Orcish Mines
 12741 | Orc:2    | Found a radiant altar of Vehumet.
 12846 | Orc:2    | Noticed Rupert
 12868 | Orc:2    | Killed Rupert
 13054 | Orc:2    | Noticed Snorg
 13063 | Orc:2    | Killed Snorg
 13586 | Orc:2    | Found a staircase to the Elven Halls.
 13845 | Orc:2    | Noticed an orc high priest
 13858 | Orc:2    | Killed an orc high priest
 13858 | Orc:2    | Reached XP level 13. HP: 122/122 MP: 12/12
 13870 | Orc:2    | Received a gift from Trog
 13885 | Orc:2    | Found Opnuic's Jewellery Boutique.
 13885 | Orc:2    | Found Sozoruwe's Book Shoppe.
 14074 | Orc:2    | Found Ycackov's Distillery.
 14074 | Orc:2    | Found Kuchex's General Store.
 14089 | Orc:2    | Bought the ring "Loyssuz" {+Inv MP+9 Str+4 Slay+2 Stlth+} for 696 gold pieces
 14093 | Orc:2    | Bought a ration for 75 gold pieces
 14093 | Orc:2    | Bought a scroll of magic mapping for 52 gold pieces
 14094 | Orc:2    | Bought a potion of heal wounds for 55 gold pieces
 14094 | Orc:2    | Bought a potion of heal wounds for 55 gold pieces
 14151 | Orc:2    | Upgraded the game from 0.21.0 to 0.21.0-3-g78d12a8
 14368 | D:12     | Reached skill level 15 in Armour
 14511 | D:12     | Found a portal to a secret trove of treasure.
 14567 | D:12     | Noticed Frances
 14589 | D:12     | Killed Frances
 15307 | D:12     | Paralysed by a hornet for 1 turns
 15900 | D:13     | Received a gift from Trog
 15955 | D:13     | Identified a scroll of acquirement
 15956 | D:13     | Got a pair of brightly glowing gloves
 15967 | D:13     | Identified the +2 pair of gloves "Faurueh" {+Blink rF- rN+ Str+3} (You acquired it on level 13 of the Dungeon)
 16141 | D:13     | Paralysed by a hornet for 2 turns
 16159 | D:13     | Reached skill level 15 in Fighting
 16483 | D:13     | Found Mir Exuesh's Assorted Antiques.
 16486 | D:13     | Bought a scroll of identify for 68 gold pieces
 16486 | D:13     | Bought 2 scrolls of magic mapping for 238 gold pieces
 16590 | D:14     | Found a shadowy altar of Dithmenos.
 16640 | D:14     | Reached skill level 1 in Shields
 16854 | D:14     | Reached XP level 14. HP: 134/135 MP: 13/13
 16862 | D:14     | Found a gate to the Vaults.
 16900 | D:14     | Reached skill level 2 in Shields
 16913 | D:14     | Noticed Agnes
 16921 | D:14     | Killed Agnes
 16996 | D:14     | Noticed Roxanne
 17100 | D:14     | Noticed Nessos
 17121 | D:14     | Killed Nessos
 17121 | D:14     | Reached skill level 3 in Shields
 17401 | D:14     | Found Zomm's Antique Weapon Shoppe.
 17540 | D:14     | Got a transparent dagger
 17542 | D:14     | Identified the +6 dagger of Misery {distort, Int+4} (You found it on level 14 of the Dungeon)
 18236 | D:15     | Entered Level 15 of the Dungeon
 18279 | D:15     | Found a staircase to the Depths.
 18286 | D:15     | Reached skill level 5 in Dodging
 18319 | D:15     | Reached skill level 4 in Shields
 18351 | D:15     | Reached skill level 5 in Shields
 18685 | D:15     | Received a gift from Trog
 18689 | D:15     | Reached skill level 6 in Shields
 19214 | D:15     | Reached skill level 7 in Shields
 19327 | D:15     | Received a gift from Trog
 19540 | D:15     | Found a snail-covered altar of Cheibriados.
 19747 | D:15     | Reached skill level 8 in Shields
 20425 | Lair:2   | Noticed Harold
 20440 | Lair:2   | Killed Harold
 20578 | Lair:2   | Found a staircase to the Swamp.
 20605 | Lair:2   | Found a stormy altar of Qazlal.
 21220 | Swamp:1  | Entered Level 1 of the Swamp
 21738 | Swamp:1  | Reached XP level 15. HP: 117/145 MP: 14/14
 22032 | Swamp:1  | Reached skill level 9 in Shields
 22730 | Swamp:2  | Noticed a tentacled monstrosity
 22742 | Swamp:2  | Killed a tentacled monstrosity
 22742 | Swamp:2  | Reached skill level 10 in Shields
 23223 | Swamp:3  | Received a gift from Trog
 23873 | Swamp:4  | Entered Level 4 of the Swamp
 23873 | Swamp:4  | Noticed Jorgrun
 23880 | Swamp:4  | Killed Jorgrun
 24291 | Swamp:4  | Noticed a thorn hunter
 24301 | Swamp:4  | Reached skill level 11 in Shields
 24317 | Swamp:4  | Killed a thorn hunter
 24992 | Swamp:4  | Noticed the 27-headed Lernaean hydra
 26267 | Lair:4   | Found a hole to the Spider Nest.
 26717 | Lair:5   | Reached XP level 16. HP: 143/155 MP: 15/15
 26861 | Lair:5   | Reached skill level 12 in Shields
 26870 | Lair:5   | Received a gift from Trog
 27011 | Lair:5   | Noticed Kirke
 27019 | Lair:5   | Killed Kirke
 27297 | Lair:5   | Found a viscous altar of Jiyva.
 27298 | Lair:5   | Found a staircase to the Slime Pits.
 27989 | Lair:6   | Entered Level 6 of the Lair of Beasts
 28119 | Lair:6   | Reached skill level 13 in Shields
 28283 | Lair:6   | Got a wavering golden ring
 28929 | Lair:6   | Identified the ring "Jiurhyto" {rF+ Int+2} (You found it on level 6 of the Lair of Beasts)
 29171 | Lair:6   | Reached skill level 14 in Shields
 29279 | Spider:1 | Entered Level 1 of the Spider Nest
 29909 | Spider:1 | Noticed Josephine
 29919 | Spider:1 | Killed Josephine
 29919 | Spider:1 | Received a gift from Trog
 30895 | Spider:1 | Reached skill level 15 in Shields
 31039 | Spider:1 | Reached XP level 17. HP: 157/163 MP: 16/16
 31583 | Spider:2 | Noticed Louise
 31598 | Spider:2 | Killed Louise
 31609 | Spider:2 | Received a gift from Trog
 32899 | Spider:4 | Entered Level 4 of the Spider Nest
 32943 | Spider:3 | Reached skill level 16 in Shields
 33824 | Spider:3 | Received a gift from Trog
 34712 | Spider:4 | Got a gossamer rune of Zot
 34781 | Spider:4 | Reached skill level 17 in Shields
 35176 | Orc:2    | Bought an uncursed ring of poison resistance for 260 gold pieces
 35180 | Orc:2    | Bought a ration for 75 gold pieces
 35181 | Orc:2    | Bought a potion of curing for 33 gold pieces
 35609 | Swamp:4  | Killed the 27-headed Lernaean hydra
 35624 | Swamp:4  | Reached XP level 18. HP: 144/173 MP: 17/17
 36062 | Swamp:4  | Got a decaying rune of Zot
 36721 | Vaults:1 | Entered Level 1 of the Vaults
 36728 | Vaults:1 | Received a gift from Trog
 36980 | Vaults:1 | Paralysed by an ogre mage for 3 turns
 37374 | Vaults:1 | Reached skill level 18 in Shields
 37523 | Vaults:1 | Found a ruined gateway.
 37534 | Desolati | Entered the Desolation of Salt
 37652 | Desolati | Received a gift from Trog
 38797 | Desolati | Reached skill level 10 in Dodging
 39053 | Desolati | Got a smoking copper amulet
 39057 | Desolati | Identified the amulet "Ogudghesu" {Inacc +Inv rN+ MP-9} (You found it in the Desolation of Salt)
 39174 | Desolati | Received a gift from Trog
 39182 | Desolati | Got a crude mace {god gift}
 39183 | Desolati | Identified the +3 mace of Obsession {crush, rPois rC+ Int+2 Dex+4} (Trog gifted it to you in the Desolation of Salt)
 39220 | Desolati | Found the +8 glaive of the Guard {elec, +Rage AC+5 SInv}
 39239 | Desolati | HP: 11/264 [??? (7)]
 39244 | Desolati | HP: 2/176 [halazid warlock/bolt of cold (11)]
 39265 | Vaults:1 | HP: 4/176 [centaur warrior/arrow (6)]
 39918 | Vaults:1 | Reached skill level 19 in Shields
 40226 | Vaults:1 | Reached XP level 19. HP: 183/183 MP: 18/18
 41441 | Vaults:2 | Received a gift from Trog
 41917 | Vaults:2 | Found a staircase to the Crypt.
 41917 | Vaults:2 | Found a basalt altar of Yredelemnul.
 41918 | Vaults:2 | Found an ancient bone altar of Kikubaaqudgha.
 42182 | Vaults:2 | Reached skill level 20 in Shields
 42805 | Vaults:3 | Found a flickering gateway to a bazaar.
 42810 | Bazaar   | Entered a bazaar
 42813 | Bazaar   | Found Haipyapa's Weapon Shop.
 42836 | Bazaar   | Found Pyqaffec's General Store.
 42841 | Bazaar   | Bought a scroll of enchant weapon for 97 gold pieces
 42882 | Bazaar   | Found Pudim's Magic Scroll Shop.
 42882 | Bazaar   | Found Quodocoe's General Store.
 42889 | Bazaar   | Bought a scroll of identify for 30 gold pieces
 42889 | Bazaar   | Bought a scroll of identify for 30 gold pieces
 42889 | Bazaar   | Bought a scroll of identify for 30 gold pieces
 42889 | Bazaar   | Bought a scroll of identify for 30 gold pieces
 42895 | Bazaar   | Bought a potion of curing for 39 gold pieces
 42895 | Bazaar   | Bought a potion of curing for 39 gold pieces
 42895 | Bazaar   | Bought 2 scrolls of identify for 52 gold pieces
 42895 | Bazaar   | Bought a scroll of enchant armour for 97 gold pieces
 42954 | Vaults:3 | Got a pair of warped gloves
 42965 | Vaults:3 | Identified the +0 pair of gloves "Sebbeluc" {Dex+3} (You found it on level 3 of the Vaults)
 43770 | Vaults:3 | Received a gift from Trog
 44770 | Vaults:3 | Reached XP level 20. HP: 124/193 MP: 17/19
 45107 | Vaults:3 | Reached skill level 21 in Shields
 45299 | Vaults:4 | Identified the Guide on Attacks and Transformation
 45953 | Vaults:4 | Received a gift from Trog
 46110 | Vaults:4 | Found Juteack's Armour Emporium.
 46116 | Vaults:4 | Bought a +1 hat for 154 gold pieces
 46116 | Vaults:4 | Bought the +0 cloak of Ocaino Hoac {+Blink Str+3 Int+3 Dex+4} for 553 gold pieces
 46894 | Vaults:5 | Entered Level 5 of the Vaults
 47132 | Vaults:4 | Reached skill level 22 in Shields
 47140 | Vaults:4 | Received a gift from Trog
 47864 | Vaults:5 | Noticed letownia2's ghost (veteran VSWz)
 47878 | Vaults:5 | Gained mutation: You are weak. (Str -2) [a shining eye]
 48795 | Vaults:5 | HP: 6/195 [fire giant/ivory great mace {crush} (10)]
 48795 | Vaults:5 | HP: 2/195 [sphinx (1)]
 48795 | Vaults:5 | Demolished by a storm dragon

Skill      XL: |  1  2  3  4  5  6  7  8  9 10 11 12 13 14 15 16 17 18 19 20 |
---------------+-------------------------------------------------------------+-----
Fighting       | 4 5 7 8 9 11 13 15 16 17 18 19 20 | 20.6
Maces & Flails | 4 5 6 7 8 10 11 13 15 17 18 19 | 19.8
Armour         | 3 4 6 8 9 11 13 14 15 16 17 18 19 | 19.6
Dodging        | 3 4 5 8 10 11 13 | 13.0
Shields        | 1 8 11 15 17 19 20 22 | 22.4
Throwing       | |  0.2
Evocations     | |  0.1

Action                   |  1- 3 |  4- 6 |  7- 9 | 10-12 | 13-15 | 16-18 | 19-21 || total
-------------------------+-------+-------+-------+-------+-------+-------+-------++-------
Melee: Mace              |    64 |   132 |   450 |   171 |       |    90 |  1288 ||  2195
       Headbutt          |    11 |    17 |    76 |   178 |   281 |   523 |   516 ||  1602
       Flail             |       |       |       |   587 |  1048 |  1594 |       ||  3229
Throw: Javelin           |       |       |       |       |     2 |       |       ||     2
Invok: Berserk           |       |     3 |     3 |    12 |    15 |    12 |     3 ||    48
       Brothers in Arms  |       |       |       |     5 |    12 |    18 |     9 ||    44
       Burn Spellbooks   |       |       |       |       |     4 |     3 |     2 ||     9
       Trog's Hand       |       |       |       |       |     1 |     5 |     2 ||     8
 Abil: Evoke Blink       |       |       |       |       |       |       |     1 ||     1
Evoke: Wand              |       |       |       |       |       |     2 |       ||     2
  Use: Scroll            |       |     2 |    13 |     8 |    17 |    24 |    11 ||    75
       Potion            |       |       |     3 |     3 |    13 |    10 |     5 ||    34
  Eat: Ration            |       |     3 |     5 |    10 |    16 |    16 |     6 ||    56
       Chunk             |       |       |       |       |     7 |    13 |    13 ||    33
Armor: Animal skin       |     5 |       |       |       |       |       |       ||     5
       Ring mail         |    21 |    46 |       |       |       |       |       ||    67
       Plate armour      |       |       |   181 |   389 |   543 |   853 |   358 ||  2324
Dodge: Dodged            |    45 |    93 |   118 |   263 |   244 |   435 |   356 ||  1554
Block: Large shield      |       |       |       |       |   641 |  1976 |  1313 ||  3930
